 Dungeon Sprint DCSS version 0.19-a0-139-gefc6d61 (webtiles) character file.

136898 Kidiri the Imperceptible (level 15, -8/78 (81) HPs)
             Began as a Spriggan Enchanter on May 17, 2016.
             Was the Champion of Dithmenos.
             Killed by the air
             ... invoked by a titan
              (23 damage)
             ... in the Dungeon (Sprint III: "The Ten Rune Challenge").
             The game lasted 00:47:38 (10940 turns).

Kidiri the Imperceptible (Spriggan Enchanter)      Turns: 10940, Time: 00:47:39

HP:   -8/78 (81)    AC:  9    Str: 10    XL:     15   Next: 56%
MP:   25/39         EV: 45    Int: 24    God:    Dithmenos [******]
Gold: 5506          SH: 15    Dex: 25    Spells: 13 memorised, 0 levels left

rFire  . . .     SeeInvis +     y - +9 short sword of the Blowfly {pierce, +Blink Dex+6}
rCold  + . .     Gourm    .     L - +4 robe of Night {+Inv MR+ SInv Stlth+}
rNeg   . . .     Faith    .     z - +2 buckler
rPois  .         Spirit   .     t - +0 hat {Int+3}
rElec  +         Dismiss  .     u - +2 cloak of Starlight {rElec rC+ EV+4 Stlth--}
rCorr  .         Reflect  +     (gloves unavailable)
SustAt .         Harm     .     (boots unavailable)
MR     +++..     NoTele   +     O - +4 amulet of reflection
Stlth  +++++++++.               a - ring of Wumoy {+Fly Str+4}
                                F - ring of wizardry

@: very slightly contaminated, wreathed by umbra, invisible, very quick,
extremely resistant to hostile enchantments, incredibly stealthy
A: unfitting armour, see invisible, deformed body, herbivore 3, speed 3, slow
metabolism 2, strong 1
a: Shadow Step, Shadow Form, Renounce Religion, Evoke Blink, Turn Visible, Evoke
Flight
}: 3/10 runes: serpentine, barnacled, golden


You were in the Dungeon.
You worshipped Dithmenos.
Dithmenos was exalted by your worship.
You were not hungry.

You visited 1 branch You collected 10445 gold pieces.
You spent 4939 gold pieces at shops.

Inventory:

Hand Weapons
 y - the +9 short sword of the Blowfly (weapon) {pierce, +Blink Dex+6}
   (You found it in the Dungeon)

   It inflicts extra damage upon your enemies.
   It affects your dexterity (+6).
   It lets you blink.
 C - a +3 dagger
Missiles
 m - 11 throwing nets (quivered)
Armour
 t - a +0 hat of intelligence (worn)
 u - the +2 cloak of Starlight (worn) {rElec rC+ EV+4 Stlth--}
   (You bought it in a shop in the Dungeon)

   It affects your evasion (+4).
   It protects you from cold.
   It insulates you from electricity.
   It makes you much less stealthy.
 z - a +2 buckler (worn)
 L - the +4 robe of Night (worn) {+Inv MR+ SInv Stlth+}
   (You took it off a deep elf high priest in the Dungeon)

   It affects your resistance to hostile enchantments.
   It lets you see invisible.
   It lets you turn invisible.
   It makes you more stealthy.
Jewellery
 a - the ring of Wumoy (right hand) {+Fly Str+4}
   (You bought it in a shop in the Dungeon)

   [ring of flight]

   It affects your strength (+4).
   It lets you fly.
 n - a +2 ring of strength
 F - a ring of wizardry (left hand)
 O - a +4 amulet of reflection (around neck)
Wands
 k - a wand of iceblast (6/15)
 X - a wand of acid (7/15)
Scrolls
 e - 6 scrolls of remove curse
 v - a scroll of identify
 x - a scroll of silence
 D - 5 scrolls of acquirement
 J - 3 scrolls of amnesia
Potions
 c - 2 potions of might
 f - 5 potions of heal wounds
 g - 3 potions of haste
 h - 3 potions of magic
 i - 4 potions of berserk rage
 o - 2 potions of cure mutation
 p - 3 potions of flight
 r - 2 potions of agility
 s - 8 potions of curing
 w - a potion of invisibility
Books
 E - a book of Party Tricks

   Spells                             Type                      Level
   a - Summon Butterflies             Summoning                    1
   b - Apportation                    Translocation                1
   c - Tukima's Dance                 Hexes                        3
   d - Alistair's Intoxication        Transmutation/Poison         5
   e - Invisibility                   Hexes                        6
 Z - a book of Burglary

   Spells                             Type                      Level
   a - Swiftness                      Charms/Air                   2
   b - Passwall                       Transmutation/Earth          2
   c - Passage of Golubria            Translocation                4
   d - Lee's Rapid Deconstruction     Earth                        5
   e - Darkness                       Hexes                        6
   f - Invisibility                   Hexes                        6
Miscellaneous
 l - a plain deck of summoning {the Rangers}
 B - a legendary deck of changes
 H - a crystal ball of energy
 T - a plain deck of war
Comestibles
 b - 7 fruits
 d - a bread ration
 q - 29 royal jellies
 A - a slice of pizza


   Skills:
 + Level 10.3 Fighting
 * Level 17.9 Short Blades
 + Level 9.7 Armour
 * Level 22.5 Dodging
 * Level 23.8 Stealth
 + Level 5.3 Shields
 * Level 19.3 Spellcasting
 + Level 9.9 Conjurations
 + Level 14.7 Hexes
 + Level 9.5 Translocations
 + Level 9.0 Transmutations
 + Level 10.4 Ice Magic
 + Level 6.7 Air Magic
 + Level 6.5 Earth Magic
 + Level 7.3 Poison Magic
 - Level 2.9 Invocations
 - Level 12.6 Evocations


You couldn't memorise any spells.
You knew the following spells:

 Your Spells              Type           Power        Failure   Level  Hunger
a - Corona                Hex            #######      0%          1    None
b - Ensorcelled Hibernat  Hex/Ice        ######       1%          2    None
c - Confuse               Hex            #######.     0%          3    None
d - Tukima's Dance        Hex            #######.     0%          3    None
e - Dazzling Spray        Conj/Hex       ######       1%          3    None
f - Lee's Rapid Deconstr  Erth           ######....   2%          5    None
g - Venom Bolt            Conj/Pois      ######....   1%          5    None
h - Bolt of Cold          Conj/Ice       ######....   2%          6    ###....
i - Freezing Cloud        Conj/Ice/Air   ######....   4%          6    ###....
j - Iron Shot             Conj/Erth      ######....   4%          6    ###....
k - Passwall              Trmt/Erth      ######....   1%          2    None
l - Passage of Golubria   Tloc           N/A          1%          4    None
m - Darkness              Hex            #######...   1%          6    ###....


Dungeon Overview and Level Annotations

Branches:
Dungeon (1/1)

Altars:
Cheibriados
Dithmenos
Elyvilon
Fedhas
Gozag
Kikubaaqudgha
Makhleb
Nemelex Xobeh
Okawaru
Pakellas
Qazlal
Ru
Sif Muna
Trog
Vehumet
Xom
Yredelemnul
Zin
The Shining One
Jiyva
Lugonu

Shops:
D ![:}(!}}!=:=:([?(}%

Annotations:
D exclusion: 2 doors


Innate Abilities, Weirdness & Mutations

You are tiny and cannot use many weapons and most armour.
You have supernaturally acute eyesight.
You are a herbivore.
You cover ground extremely quickly.
You need consume almost no food.
Armour fits poorly on your strangely shaped body.
Your muscles are strong. (Str +2)


Message History

Confirm with . or Enter, or press ? or * to list all spells.
Aiming: Freezing Cloud
Press: ? - help, Dir - move target cursor, f - butterfly
Aim: a butterfly (umbra)
The butterfly is engulfed in freezing vapours.
You kill the butterfly!
The butterfly is engulfed in freezing vapours.
You kill the butterfly!
The butterfly is engulfed in freezing vapours.
You kill the butterfly!
The butterfly is engulfed in freezing vapours.
You kill the butterfly!
The vault guard is engulfed in freezing vapours. x6
You block the vault guard's attack.
You enter the shallow water.
Moving in this stuff is going to be slow. ...and don't expect to remain undetected.
The titan waves its arms in wide circles.
The air twists around and strikes you!
You die...

### ###############
..##)$φ...DCppp'.≈≈≈≈#
#.##))cu...p.p.#@≈≈≈≈#
#.##)().§§Dpppp#.≈≈≈≈#
#.##)$$.§C§Cp§.#.≈≈≈.#
..##:?§§C§pDp§.#≈≈≈≈≈#
####$?§§.z§.pbb#.≈...#
# #}$§§u§p... #.....#
# #)=[..Dppb. #§§§§§#
####################§#
≈≈##.......§.§§§§§§§§#


You could see a titan and 3 vault guards.

Vanquished Creatures
  2 greater mummies (D)
  Norris (D)
  Rupert (D)
  2 liches (D)
  A deep elf master archer (D)
  Gastronok (D)
  A kraken (D)
  2 sphinxes (D)
  2 shadow dragons (D)
  A greater naga (D)
  Dowan (D)
  Maud (D)
  2 deep elf demonologists (D)
  2 deep elf annihilators (D)
  2 dire elephants (D)
  10 mummy priests (D)
  A fire dragon (D)
  A naga warrior (D)
  2 deep elf high priests (D)
  A yaktaur captain (D)
  2 hydras (D)
  A centaur warrior (D)
  5 anacondas (D)
  Erolcha (D)
  4 dancing weapons (D)
  3 alligator snapping turtles (D)
  An ogre mage (D)
  4 death yaks (D)
  An iron golem (D)
  A deep elf knight (D)
  4 hell knights (D)
  A death drake (D)
  A skeletal warrior (D)
  A spriggan druid (D)
  An obsidian statue (D)
  A lindwurm (D)
  An orange crystal statue (D)
  4 deep elf magi (D)
  9 ugly things (D)
  2 elephants (D)
  7 black mambas (D)
  A guardian serpent (D)
  Duvessa (D)
  A rime drake (D)
  2 spiny frogs (D)
  A komodo dragon (D)
  8 guardian mummies (D)
  A queen bee (D)
  4 spriggan defenders (D)
  3 wandering mushrooms (D)
  8 blink frogs (D)
  2 giant leeches (D)
  3 orc high priests (D)
  4 slime creatures (D)
  3 snapping turtles (D)
  A shadow (D)
  2 spriggans (D)
  5 redbacks (D)
  A spatial vortex (D)
  2 hill giants (D)
  2 nagas (D)
  2 water moccasins (D)
  3 orc warriors (D)
  A swamp drake (D)
  A necrophage (D)
  3 two-headed ogres (D)
  A water elemental (D)
  32 killer bees (D)
  An electric eel (D)
  A jelly (D)
  4 orc priests (D)
  Crazy Yiuf (D)
  2 orc wizards (D)
  2 necromancers (D)
  A wizard (D)
  3 humans (D)
  A kobold demonologist (D)
  3 adders (D)
  2 oozes (D)
  9 orcs (D)
  2 rats (D)
  6 bushes (D)
  4 butterflies (D)
  A plant (D)
233 creatures vanquished.

Vanquished Creatures (others)
  Chuck (D)
  2 draconian scorchers (D)
  A deep elf knight (D)
  6 hellions (D)
  3 yaktaurs (D)
  6 guardian mummies (D)
  An orc (D)
  2 bushes (D)
  2 fungi (D)
  3 plants (D)
27 creatures vanquished.

Grand Total: 260 creatures vanquished

Notes
Turn   | Place    | Note
--------------------------------------------------------------
     0 | D        | Kidiri the Spriggan Enchanter began the quest for the Orb.
     0 | D        | Reached XP level 1. HP: 9/9 MP: 5/5
    80 | D        | Killed a hellion
    90 | D        | Killed a hellion
   118 | D        | Killed a hellion
   119 | D        | Killed a hellion
   120 | D        | Killed a hellion
   121 | D        | Killed a hellion
   177 | D        | Reached skill level 5 in Stealth
   178 | D        | Killed a white draconian scorcher
   200 | D        | Killed a white draconian scorcher
   331 | D        | Reached XP level 2. HP: 10/14 MP: 4/7
   335 | D        | Learned a level 2 spell: Ensorcelled Hibernation
   563 | D        | Noticed Crazy Yiuf
   569 | D        | Killed Crazy Yiuf
   569 | D        | Reached skill level 1 in Fighting
   569 | D        | Reached skill level 1 in Armour
   569 | D        | Reached skill level 5 in Dodging
   569 | D        | Reached skill level 6 in Stealth
   569 | D        | Reached XP level 3. HP: 18/18 MP: 5/9
   597 | D        | Learned a level 3 spell: Confuse
   601 | D        | Learned a level 3 spell: Dazzling Spray
   655 | D        | Reached skill level 1 in Ice Magic
   688 | D        | Gained mutation: You are frail (-10% HP). [potion of mutation]
   688 | D        | Gained mutation: You are resistant to hostile enchantments. [potion of mutation]
   689 | D        | Lost mutation: You are frail (-10% HP). [potion of cure mutation]
   689 | D        | Lost mutation: You are resistant to hostile enchantments. [potion of cure mutation]
   690 | D        | Gained mutation: Your muscles are strong. (Str +2) [potion of mutation]
   690 | D        | Gained mutation: Armour fits poorly on your strangely shaped body. [potion of mutation]
   723 | D        | Noticed a water elemental
   726 | D        | Killed a water elemental
   726 | D        | Reached skill level 7 in Stealth
   726 | D        | Reached skill level 5 in Spellcasting
   726 | D        | Reached skill level 1 in Conjurations
   726 | D        | Reached XP level 4. HP: 22/22 MP: 12/12
   739 | D        | Learned a level 3 spell: Tukima's Dance
   740 | D        | Noticed a shadow
   742 | D        | Killed a shadow
   742 | D        | Reached skill level 5 in Short Blades
   742 | D        | Reached skill level 8 in Stealth
   742 | D        | Reached skill level 5 in Hexes
   742 | D        | Reached XP level 5. HP: 27/27 MP: 13/15
   742 | D        | Reached XP level 6. HP: 32/32 MP: 13/16
   748 | D        | Reached skill level 9 in Stealth
   780 | D        | Found an oddly glowing altar of Pakellas.
   780 | D        | Found a stormy altar of Qazlal.
   781 | D        | Found a sacrificial altar of Ru.
   781 | D        | Found a burning altar of Makhleb.
   781 | D        | Found a viscous altar of Jiyva.
   781 | D        | Found a shimmering altar of Xom.
   781 | D        | Found a shadowy altar of Dithmenos.
   781 | D        | Found a sparkling altar of Nemelex Xobeh.
   781 | D        | Found a corrupted altar of Lugonu.
   781 | D        | Found an opulent altar of Gozag.
   781 | D        | Noticed a spatial vortex
   786 | D        | Became a worshipper of Dithmenos the Shadowed
   812 | D        | Killed a spatial vortex
   812 | D        | Reached skill level 1 in Invocations
   885 | D        | Killed a yaktaur
   930 | D        | Found a radiant altar of Vehumet.
   931 | D        | Found a deep blue altar of Sif Muna.
   931 | D        | Found an ancient bone altar of Kikubaaqudgha.
   947 | D        | Learned a level 6 spell: Darkness
   967 | D        | Found a glowing silver altar of Zin.
   968 | D        | Found a glowing golden altar of the Shining One.
   968 | D        | Found a white marble altar of Elyvilon.
   968 | D        | Noticed a deep elf mage
   970 | D        | Killed a deep elf mage
   970 | D        | Reached * piety under Dithmenos
   970 | D        | Reached skill level 10 in Dodging
   970 | D        | Reached skill level 10 in Stealth
   970 | D        | Reached XP level 7. HP: 36/36 MP: 18/20
   981 | D        | Found an iron altar of Okawaru.
   982 | D        | Found a bloodstained altar of Trog.
   982 | D        | Noticed a human
   982 | D        | Noticed a human
   984 | D        | Killed a human
   984 | D        | Reached skill level 11 in Stealth
   985 | D        | Killed a human
   985 | D        | Reached XP level 8. HP: 42/42 MP: 19/21
  1001 | D        | Found a snail-covered altar of Cheibriados.
  1002 | D        | Found a basalt altar of Yredelemnul.
  1002 | D        | Found a blossoming altar of Fedhas.
  1003 | D        | Reached ** piety under Dithmenos
  1039 | D        | Reached *** piety under Dithmenos
  1039 | D        | Reached skill level 12 in Stealth
  1043 | D        | Noticed Erolcha
  1045 | D        | Killed Erolcha
  1045 | D        | Reached skill level 10 in Spellcasting
  1045 | D        | Reached skill level 5 in Evocations
  1045 | D        | Reached XP level 9. HP: 46/46 MP: 22/24
  1068 | D        | Reached skill level 13 in Stealth
  1151 | D        | Noticed a queen bee
  1157 | D        | Killed a queen bee
  1168 | D        | Reached **** piety under Dithmenos
  1241 | D        | Reached ***** piety under Dithmenos
  1457 | D        | Reached skill level 5 in Fighting
  1581 | D        | Killed a yaktaur
  1593 | D        | Reached ****** piety under Dithmenos
  1604 | D        | Reached skill level 5 in Ice Magic
  1612 | D        | Reached XP level 10. HP: 51/51 MP: 3/26
  1614 | D        | Reached skill level 14 in Stealth
  1795 | D        | Reached skill level 10 in Short Blades
  2116 | D        | Noticed a spiny frog
  2116 | D        | Noticed a spiny frog
  2119 | D        | Killed a spiny frog
  2119 | D        | Reached skill level 5 in Armour
  2119 | D        | Reached skill level 5 in Conjurations
  2121 | D        | Killed a spiny frog
  2136 | D        | Reached skill level 15 in Stealth
  2139 | D        | Noticed a lindwurm
  2152 | D        | Killed a lindwurm
  2241 | D        | Noticed Maud
  2243 | D        | Killed Maud
  2243 | D        | Reached XP level 11. HP: 56/56 MP: 28/28
  2294 | D        | Noticed a seven-headed hydra
  2294 | D        | Noticed a four-headed hydra
  2298 | D        | Killed a seven-headed hydra
  2298 | D        | Reached skill level 15 in Dodging
  2299 | D        | Killed a four-headed hydra
  2299 | D        | Reached skill level 16 in Stealth
  2337 | D        | Noticed a death drake
  2339 | D        | Killed a death drake
  2346 | D        | Found a blossoming altar of Fedhas.
  2346 | D        | Noticed a spriggan druid
  2348 | D        | Killed a spriggan druid
  2390 | D        | Noticed an anaconda
  2391 | D        | Noticed an anaconda
  2392 | D        | Killed an anaconda
  2392 | D        | Reached skill level 10 in Hexes
  2396 | D        | Killed an anaconda
  2442 | D        | Reached skill level 17 in Stealth
  2465 | D        | Noticed an anaconda
  2465 | D        | Noticed an anaconda
  2465 | D        | Noticed an anaconda
  2467 | D        | Killed an anaconda
  2471 | D        | Killed an anaconda
  2473 | D        | Killed an anaconda
  2477 | D        | Reached skill level 10 in Evocations
  2477 | D        | Reached XP level 12. HP: 62/62 MP: 24/31
  2527 | D        | Noticed a naga warrior
  2527 | D        | Noticed a greater naga
  2527 | D        | Found Lapsul's Gadget Shop.
  2527 | D        | Found Ucruwkakh's Antique Weapon Shoppe.
  2527 | D        | Found Amnom's Distillery.
  2531 | D        | Killed a greater naga
  2532 | D        | Killed a naga warrior
  2532 | D        | Reached skill level 18 in Stealth
  2552 | D        | Got a serpentine rune of Zot
  2801 | D        | Noticed Rupert
  2824 | D        | Killed Rupert
  2889 | D        | Noticed a death yak
  2890 | D        | Noticed a death yak
  2891 | D        | Killed a death yak
  2891 | D        | Reached skill level 15 in Spellcasting
  2892 | D        | Noticed an azure jelly
  2892 | D        | Noticed a death yak
  2892 | D        | Noticed an azure jelly
  2892 | D        | Noticed a death yak
  2893 | D        | Killed a death yak
  2896 | D        | Killed a death yak
  2898 | D        | Killed a death yak
  2898 | D        | Reached skill level 19 in Stealth
  2941 | D        | Noticed a kraken
  2967 | D        | Killed a kraken
  2967 | D        | Reached XP level 13. HP: 68/68 MP: 27/33
  3001 | D        | Found Gonnufeb's Distillery.
  3001 | D        | Found Qioseme's Antique Armour Boutique.
  3001 | D        | Found Saziyd's Book Shop.
  3569 | D        | Got a barnacled rune of Zot
  3620 | D        | Noticed an azure jelly
  3620 | D        | Noticed an azure jelly
  3621 | D        | Noticed a dire elephant
  3621 | D        | Noticed a dire elephant
  3621 | D        | Noticed Gastronok
  3623 | D        | Killed Gastronok
  3624 | D        | Killed a dire elephant
  3624 | D        | Reached skill level 20 in Stealth
  3626 | D        | Killed a dire elephant
  3767 | D        | Found Oqestelu's Gadget Emporium.
  3790 | D        | Reached skill level 15 in Short Blades
  4042 | D        | Bought a runed rapier for 108 gold pieces
  4042 | D        | Bought a runed dagger for 54 gold pieces
  4045 | D        | Bought 3 potions of curing for 117 gold pieces
  4045 | D        | Bought a potion of curing for 39 gold pieces
  4045 | D        | Bought 2 potions of heal wounds for 130 gold pieces
  4045 | D        | Bought a potion of flight for 39 gold pieces
  4045 | D        | Bought a potion of invisibility for 104 gold pieces
  4045 | D        | Bought a potion of agility for 52 gold pieces
  4045 | D        | Bought a potion of curing for 39 gold pieces
  4045 | D        | Bought a potion of flight for 39 gold pieces
  4167 | D        | Bought a book of Ice for 715 gold pieces
  4169 | D        | Bought a glowing robe for 17 gold pieces
  4180 | D        | Bought a potion of heal wounds for 50 gold pieces
  4180 | D        | Bought a potion of curing for 30 gold pieces
  4328 | D        | Learned a level 6 spell: Bolt of Cold
  4335 | D        | Learned a level 6 spell: Freezing Cloud
  4479 | D        | Bought a book of Power for 495 gold pieces
  4485 | D        | Learned a level 5 spell: Venom Bolt
  4492 | D        | Learned a level 6 spell: Iron Shot
  4633 | D        | Reached skill level 1 in Earth Magic
  4636 | D        | Reached skill level 1 in Air Magic
  4636 | D        | Reached skill level 1 in Poison Magic
  4679 | D        | Noticed a deep elf demonologist
  4684 | D        | Noticed a deep elf demonologist
  4686 | D        | Noticed a deep elf annihilator
  4892 | D        | Killed a deep elf demonologist
  4966 | D        | Noticed a deep elf annihilator
  4968 | D        | Killed a deep elf demonologist
  5056 | D        | Killed a deep elf annihilator
  5056 | D        | Reached skill level 1 in Shields
  5072 | D        | Noticed a deep elf master archer
  5576 | D        | Killed a deep elf master archer
  6253 | D        | Killed a deep elf annihilator
  6253 | D        | Reached skill level 21 in Stealth
  6396 | D        | Got a shimmering scimitar {freeze}
  6408 | D        | Got a shimmering steel amulet
  6417 | D        | Got a distressingly furry scale mail
  6473 | D        | Identified the Volume of Cloudy Stones (You found it in the Dungeon)
  6494 | D        | Identified the amulet of Miracles {Faith Str+5} (You found it in the Dungeon)
  6617 | D        | Identified the +11 scimitar of Infection {freeze, *Noise rElec Str+4} (You took it off a deep elf high priest in the Dungeon)
  6673 | D        | Learned a level 2 spell: Passwall
  6722 | D        | Noticed Dowan
  6722 | D        | Noticed Duvessa
  6723 | D        | Killed Dowan
  6723 | D        | Reached skill level 1 in Transmutations
  6731 | D        | Killed Duvessa
  6745 | D        | Reached XP level 14. HP: 74/74 MP: 24/36
  6968 | D        | Learned a level 4 spell: Passage of Golubria
  6975 | D        | Found Xobumpom's Book Emporium.
  6975 | D        | Found Zedgh's Antique Armour Shop.
  6975 | D        | Found Istitaq's Book Boutique.
  6975 | D        | Found Huippip's Food Shoppe.
  6975 | D        | Found Etwuimp's Jewellery Boutique.
  6975 | D        | Found Wifott's Antique Weapon Emporium.
  6975 | D        | Found Toykalu's Jewellery Shoppe.
  6975 | D        | Found Uvaumape's Gadget Shop.
  6975 | D        | Found Aplikid's Distillery.
  6975 | D        | Found Iruqeas's Antique Weapon Emporium.
  6976 | D        | Found Pesusk's Gadget Emporium.
  6976 | D        | Found Besoarai's Magic Scroll Boutique.
  6991 | D        | Bought a potion of curing for 42 gold pieces
  6991 | D        | Bought a potion of curing for 42 gold pieces
  6991 | D        | Bought a potion of magic for 112 gold pieces
  6992 | D        | Bought the ring of Wumoy {+Fly Str+4} for 427 gold pieces
  6998 | D        | Bought the +2 cloak of Starlight {rElec rC+ EV+4 Stlth--} for 1336 gold pieces
  6998 | D        | Bought a runed buckler for 121 gold pieces
  6998 | D        | Bought a shiny buckler for 121 gold pieces
  7035 | D        | Bought a scroll of identify for 20 gold pieces
  7035 | D        | Bought a scroll of identify for 20 gold pieces
  7035 | D        | Bought a scroll of enchant weapon for 75 gold pieces
  7035 | D        | Bought a scroll of enchant weapon for 75 gold pieces
  7046 | D        | Learned a level 5 spell: Lee's Rapid Deconstruction
  7065 | D        | Bought a scroll of acquirement for 520 gold pieces
  7102 | D        | Reached skill level 1 in Translocations
  7239 | D        | Got a blackened short sword
  7239 | D        | Got a pitted rapier
  7240 | D        | Identified the +9 short sword of the Blowfly {pierce, +Blink Dex+6} (You found it in the Dungeon)
  7241 | D        | Identified the +6 rapier "Muost" {venom, MR+} (You found it in the Dungeon)
  7320 | D        | Noticed Chuck
  7685 | D        | Killed Chuck
  7974 | D        | Noticed Norris
  7990 | D        | Killed Norris
  7990 | D        | Reached skill level 22 in Stealth
  7990 | D        | Reached skill level 5 in Translocations
  7990 | D        | Reached skill level 5 in Transmutations
  8103 | D        | Noticed a lich
  8112 | D        | Killed a lich
  8209 | D        | Noticed a shadow dragon
  8211 | D        | Noticed a shadow dragon
  8212 | D        | Killed a shadow dragon
  8212 | D        | Reached skill level 5 in Poison Magic
  8246 | D        | Killed a shadow dragon
  8598 | D        | Reached skill level 5 in Air Magic
  8612 | D        | Reached skill level 5 in Earth Magic
  8805 | D        | Noticed a lich
  8807 | D        | Killed a lich
  8838 | D        | Noticed a sphinx
  8838 | D        | Noticed a sphinx
  8840 | D        | Killed a sphinx
  8840 | D        | Reached XP level 15. HP: 80/80 MP: 33/38
  8841 | D        | Killed a sphinx
  8841 | D        | Reached skill level 23 in Stealth
  8841 | D        | Reached skill level 10 in Ice Magic
  9051 | D        | Reached skill level 10 in Fighting
  9811 | D        | Noticed a greater mummy
  9811 | D        | Noticed a greater mummy
 10383 | D        | Killed a greater mummy
 10383 | D        | Reached skill level 5 in Shields
 10572 | D        | Learned a level 6 spell: Darkness
 10596 | D        | Killed a greater mummy
 10685 | D        | Got a golden rune of Zot
 10934 | D        | Noticed a titan
 10934 | D        | Noticed a quicksilver dragon
 10934 | D        | Noticed a quicksilver dragon
 10934 | D        | Noticed a fire giant
 10934 | D        | Noticed a fire giant
 10935 | D        | Noticed a quicksilver dragon
 10935 | D        | Noticed a golden dragon
 10940 | D        | Killed from afar by a titan

Vault maps used:
D:        dungeon_sprint_mu

Skill      XL: |  1  2  3  4  5  6  7  8  9 10 11 12 13 14 15 |
---------------+----------------------------------------------+-----
Stealth        | 5 6 7 8 10 11 12 13 15 17 19 21 22 23 | 23.8
Spellcasting   | 3 4 5 6 8 10 11 12 14 15 17 18 19 | 19.3
Short Blades   | 2 3 4 5 7 8 9 11 12 14 15 17 | 17.9
Dodging        | 4 5 6 7 10 11 13 14 16 18 20 21 22 | 22.5
Fighting       | 1 2 3 4 5 6 8 9 10 | 10.3
Armour         | 1 2 3 4 5 6 7 8 9 |  9.7
Hexes          | 4 5 6 7 8 9 10 11 12 14 | 14.7
Ice Magic      | 1 2 3 4 5 6 7 8 9 10 | 10.4
Conjurations   | 1 3 4 5 6 7 8 9 |  9.9
Invocations    | 2 |  2.9
Evocations     | 2 3 5 6 8 10 11 12 | 12.6
Earth Magic    | 3 5 6 |  6.5
Air Magic      | 3 5 6 |  6.7
Poison Magic   | 2 6 7 |  7.3
Shields        | 1 4 5 |  5.3
Transmutations | 1 7 9 |  9.0
Translocations | 7 9 |  9.5

Action                   |  1- 3 |  4- 6 |  7- 9 | 10-12 | 13-15 || total
-------------------------+-------+-------+-------+-------+-------++-------
Melee: Dagger            |    41 |    23 |    98 |   103 |    40 ||   305
       Short sword       |       |       |       |       |   165 ||   165
       Quick blade       |       |       |       |       |    43 ||    43
Throw: Throwing net      |       |       |       |       |    11 ||    11
 Cast: Corona            |     3 |       |       |       |       ||     3
       Ensorcelled Hiber |     7 |     1 |    29 |    21 |    35 ||    93
       Confuse           |     1 |       |       |     2 |     2 ||     5
       Dazzling Spray    |       |     5 |     9 |    26 |    57 ||    97
       Venom Bolt        |       |       |       |       |    28 ||    28
       Bolt of Cold      |       |       |       |       |    14 ||    14
       Passwall          |       |       |       |       |     5 ||     5
       Tukima's Dance    |       |       |       |       |     5 ||     5
       Freezing Cloud    |       |       |       |       |     5 ||     5
Invok: Shadow Step       |       |       |     2 |    13 |    24 ||    39
 Abil: Evoke Invisibilit |       |       |       |       |     4 ||     4
       Evoke Flight      |       |       |       |       |     3 ||     3
  Use: Potion            |     4 |       |       |       |     5 ||     9
       Scroll            |     2 |     1 |       |       |     7 ||    10
 Stab: Sleeping          |     5 |     5 |    30 |    54 |    59 ||   153
       Confused          |     2 |       |       |     2 |       ||     4
       Invisible         |       |       |     1 |     8 |    13 ||    22
       Held in net/web   |       |       |       |       |    11 ||    11
       Distracted        |       |       |       |       |     1 ||     1
  Eat: Fruit             |       |       |       |     6 |       ||     6
       Bread ration      |       |       |       |       |     2 ||     2
Armor: Robe              |     5 |       |     3 |       |     6 ||    14
Dodge: Dodged            |    23 |     5 |   129 |    50 |   142 ||   349
Block: Buckler           |       |       |       |       |    65 ||    65
       Reflection        |       |       |       |       |     3 ||     3
